 Dungeon Crawl Stone Soup version 0.14-a0-2789-gc18c9f8 (webtiles) character file.

131 MackTheKnife the Cudgeler (level 3, -2/27 HPs)
             Began as a Demonspawn Gladiator on Feb 24, 2014.
             Slain by a worm (7 damage)
             ... on Level 2 of the Dungeon.
             The game lasted 00:01:27 (868 turns).

MackTheKnife the Cudgeler (Demonspawn Gladiator)     Turns: 868, Time: 00:01:27

HP  -2/27        AC  4     Str 15      XL: 3   Next: 50%
MP   3/3         EV 12     Int  9      God:
Gold 83          SH  0     Dex 14      Spells:  0 memorised,  2 levels left

rFire  . . .     SeeInvis .     e - +2 hand axe (flame)
rCold  . . .     Clarity  .     b - +0 leather armour
rNeg   . . .     Conserve .     (no shield)
rPois  .         rCorr    .     c - +0 helmet
rElec  .         rRot     .     (no cloak)
SustAb . .       Spirit   .     (no gloves)
rMut   .         Warding  .     (no boots)
Saprov . . .     Stasis   .     (no amulet)
MR     .....                    (no ring)
                                (no ring)

@: mildly poisoned, not resistant to hostile enchantments, unstealthy
A: talons 1, powered by death 1
a: no special abilities


You were on level 2 of the Dungeon.
You were not hungry.

You visited 1 branch of the dungeon, and saw 2 of its levels.

You collected 83 gold pieces.


Innate Abilities, Weirdness & Mutations

You have sharp toenails.
You can steal the life force of nearby defeated enemies.


   Skills:
 - Level 2.0 Fighting
 + Level 3.2 Axes
 - Level 3.3 Maces & Flails
 - Level 1.7 Throwing
 - Level 2.6 Dodging


You had 2 spell levels left.
You didn't know any spells.

Inventory:

Hand weapons
 a - a +0,+0 mace
 e - a +2,+2 hand axe of flaming (weapon)
Missiles
 d - 3 throwing nets (quivered)
Armour
 b - a +0 leather armour (worn)
 c - a +0 helmet (worn)
Comestibles
 f - 2 bread rations
 g - an apple
 h - a meat ration
 j - 2 chokos
Scrolls
 i - a scroll of enchant armour {unknown}
 n - a scroll of amnesia {unknown}
 o - 4 scrolls of identify {unknown}
 q - a scroll of teleportation {unknown}
Jewellery
 p - an uncursed ring of poison resistance {unknown}
Potions
 k - a potion of speed {unknown}
 l - 2 potions of heal wounds {unknown}
 m - a potion of curing

▒▒▒ ▒·· ▒▒ ▒·▒ ▒·
▒w▒
▒▒▒·▒▒▒▒▒6▒▒▒▒▒·▒▒
·················<▒
·········▒·▒▒▒▒▒▒·▒
·····▒····▒········[
·······>···········▒
·········▒▒▒▒▒▒▒▒▒▒
▒▒···············
▒·▒▒▒▒··▒▒▒▒▒▒▒▒
▒·▒·%··········


You could see a worm.


Message History

HP restored.
You start waiting.
You feel sick.
HP restored.
You see here an adder corpse.
Found a stone staircase leading down.
You feel sick.
HP restored.
You feel sick.
A worm comes into view.
A worm is nearby!
A worm is nearby!
A worm is nearby!
Found an elven robe.
Found a stone staircase leading up.
You feel sick.
You hit the worm. You burn the worm.
The worm is lightly wounded.
The worm bites you!
You hit the worm. You burn the worm.
The worm is lightly wounded.
You feel less regenerative.
You feel sick. The worm bites you.
You hit the worm but do no damage. You claw the worm.
The worm is moderately wounded.
The worm bites you!
* * * LOW HITPOINT WARNING * * *
You hit the worm. You burn the worm. You claw the worm, but do no damage.
The worm is moderately wounded.
You slash the worm! You burn the worm.
The worm is severely wounded.
The worm bites you!
You die...

Action                   || total
-------------------------++-------
Melee: Mace              ||    43
       Hand axe          ||    52
  Use: Potion            ||     1

Vault maps used:
D:1:      onia_arrival_handbag, kennysheep_minor_cross
D:2:      fedhas_altar_1, uniq_sigmund

Notes
Turn   | Place    | Note
--------------------------------------------------------------
     0 | D:1      | MackTheKnife, the Demonspawn Gladiator, began the quest for the Orb.
     0 | D:1      | Reached XP level 1. HP: 16/16 MP: 1/1
    24 | D:1      | Reached skill level 3 in Maces & Flails
   175 | D:1      | Gained mutation: You can steal the life force of nearby defeated enemies. [demonic ancestry]
   175 | D:1      | Reached XP level 2. HP: 13/22 MP: 2/2
   269 | D:1      | Reached skill level 1 in Axes
   562 | D:1      | Reached skill level 2 in Axes
   611 | D:2      | Found a blossoming altar of Fedhas.
   619 | D:2      | Gained mutation: You have sharp toenails. [demonic ancestry]
   619 | D:2      | Reached XP level 3. HP: 4/27 MP: 3/3
   845 | D:2      | Reached skill level 3 in Axes
   868 | D:2      | Slain by a worm

Vanquished Creatures
  2 adders (D:2)
  A giant gecko (D:1)
  2 oozes (D:1)
  2 giant cockroaches
  4 goblins (D:1)
  3 hobgoblins
  3 bats
  3 giant newts (D:1)
  3 kobolds (D:1)
  5 rats
28 creatures vanquished.
